 Dungeon Crawl Stone Soup version 0.22-a0-305-gd21a89c (webtiles) character file.

84 Amnesiac the Conjurer (level 4, -13/30 HPs)
             Began as a Mummy Conjurer on Mar 31, 2018.
             Killed from afar by Nuz's ghost (15 damage)
             ... with a spray of energy
             ... on level 3 of the Dungeon.
             The game lasted 00:02:28 (2453 turns).

Amnesiac the Conjurer (Mummy Conjurer)              Turns: 2453, Time: 00:02:28

Health: -13/30     AC:  2    Str: 11    XL:     4   Next: 23%
Magic:  6/10       EV: 12    Int: 15    God:
Gold:   54         SH:  6    Dex: 12    Spells: 6/11 levels left

rFire    x . .     SeeInvis .   c - +1 dagger (speed)
rCold    + . .     Gourm    .   (no shield)
rNeg     + + +     Faith    .   a - +0 robe
rPois    ∞         Spirit   .   (no helmet)
rElec    .         Reflect  +   (no cloak)
rCorr    .         Harm     .   (no gloves)
MR       .....                  (no boots)
Stlth    ++........             f - +6 amulet of reflection
HPRegen  0.10/turn              (no ring)
MPRegen  0.12/turn              (no ring)

@: very slightly contaminated
A: no food or potions, fire vulnerability, cold resistance 1, negative energy
resistance 3, torment resistance, unbreathing
a: no special abilities


You were on level 3 of the Dungeon.
You were not hungry.

You visited 1 branch of the dungeon, and saw 3 of its levels.

You collected 54 gold pieces.

Inventory:

Hand Weapons
 c - a +1 dagger of speed (weapon)
Armour
 a - a +0 robe (worn)
Jewellery
 f - a +6 amulet of reflection (around neck)
Scrolls
 b - 2 scrolls of teleportation {!r, unknown}
 d - 3 scrolls of identify {!r}
 e - a scroll of immolation {!r, unknown}
 g - 2 scrolls of remove curse {!r}
 h - a scroll of random uselessness {!r}
 i - a scroll of magic mapping {!r, unknown}


   Skills:
 - Level 1.5 Dodging
 - Level 1.5 Stealth
 + Level 4.1 Spellcasting
 * Level 4.2 Conjurations


You had 6 spell levels left.
You knew the following spells:

 Your Spells              Type           Power        Failure   Level  Hunger
a - Magic Dart            Conj           ###.         3%          1    N/A
b - Iskenderun's Mystic   Conj           ###.....     30%         4    N/A

Dungeon Overview and Level Annotations

Branches:
Dungeon (3/15)

Altars:
Ashenzari

Annotations:
D:3 Nuz's ghost, amateur DrCj


Innate Abilities, Weirdness & Mutations

You do not eat or drink.
Your flesh is vulnerable to fire.
You are immune to poison.
Your flesh is cold resistant. (rC+)
You are immune to negative energy. (rN+++)
You are immune to unholy pain and torment.
You can survive without breathing.


Message History

Casting: Magic Dart (safe; 3% risk of failure)
Confirm with . or Enter, or press ? or * to list all spells.
Aiming: Magic Dart (safe; 3% risk of failure)
Press: ? - help, Shift-Dir - straight line, f - hobgoblin
Aim: a hobgoblin, wielding a club (resting)
The magic dart hits the hobgoblin.
The hobgoblin is moderately wounded.
The hobgoblin shouts!
Casting: Magic Dart (safe; 3% risk of failure)
Confirm with . or Enter, or press ? or * to list all spells.
Aiming: Magic Dart (safe; 3% risk of failure)
Press: ? - help, Shift-Dir - straight line, f/p - hobgoblin
Aim: a hobgoblin, wielding a club (moderately wounded)
The magic dart hits the hobgoblin.
The hobgoblin is heavily wounded.
Something unseen opens the door.
Casting: Magic Dart (safe; 3% risk of failure)
Confirm with . or Enter, or press ? or * to list all spells.
Aiming: Magic Dart (safe; 3% risk of failure)
Press: ? - help, Shift-Dir - straight line, f/p - hobgoblin
Aim: a hobgoblin, wielding a club (heavily wounded)
The magic dart hits the hobgoblin.
The hobgoblin is heavily wounded.
The hobgoblin hits you with a club.
Nuz's ghost (amateur Draconian Conjurer) comes into view.
Casting: Magic Dart (safe; 3% risk of failure)
Confirm with . or Enter, or press ? or * to list all spells.
Aiming: Magic Dart (safe; 3% risk of failure)
Press: ? - help, Shift-Dir - straight line, f/p - hobgoblin
Aim: a hobgoblin, wielding a club (heavily wounded)
You miscast Magic Dart.
You are very lightly contaminated with residual magic.
Wisps of smoke drift from your hands.
Nuz's ghost turns its malevolent gaze towards you.
Nuz's ghost whispers, "The ORB doesn't exist."
Nuz's ghost gestures at you while chanting.
The magic dart hits you!
Casting: Magic Dart (safe; 3% risk of failure)
Confirm with . or Enter, or press ? or * to list all spells.
Aiming: Magic Dart (safe; 3% risk of failure)
Press: ? - help, Shift-Dir - straight line, f/p - hobgoblin
Aim: a hobgoblin, wielding a club (heavily wounded)
The magic dart hits the hobgoblin.
You kill the hobgoblin!
Really read
d - 4 scrolls labeled ETURIK IX NOSK {!r}?
As you read the scroll labeled ETURIK IX NOSK {!r}, it crumbles to dust.
It is a scroll of identify.
h - a scroll of random uselessness {!r} Really read
g - 3 scrolls labeled TOKAHAMECI {!r}?
As you read the scroll labeled TOKAHAMECI {!r}, it crumbles to dust.
You feel blessed for a moment.
It was a scroll of remove curse {!r}.
Nuz's ghost casts a spell at you. The spray of energy misses you.
Nuz's ghost hits you.
* * * LOW HITPOINT WARNING * * *
Nuz's ghost casts a spell at you. The spray of energy hits you!
* * * LOW HITPOINT WARNING * * *
You see here a scroll labeled BOL TIRIGHEOTEE {!r}.
i - a scroll labeled BOL TIRIGHEOTEE {!r} Nuz's ghost casts a spell at you.
The spray of energy hits you!
Ouch! That really hurt!
You die...

#####
##...## .
##.....## ..
#.......#...
#..@....'..
#...W...#..
##..)..##
##...##
#####


You could see Nuz's ghost.

Vanquished Creatures
  4 gnolls
  A worm (D:2)
  A dart slug (D:1)
  2 leopard geckos (D:1)
  A ball python (D:1)
  A giant cockroach (D:2)
  5 goblins (D:1)
  4 hobgoblins
  4 jackals
  4 bats (D:1)
  7 frilled lizards
  2 kobolds (D:1)
  7 rats
43 creatures vanquished.

Vanquished Creatures (others)
  A fungus (D:2)
1 creature vanquished.

Grand Total: 44 creatures vanquished

Notes
Turn   | Place    | Note
-------+----------+-------------------------------------------
     0 | D:1      | Amnesiac the Mummy Conjurer began the quest for the Orb.
     0 | D:1      | Reached XP level 1. HP: 13/13 MP: 4/4
   224 | D:1      | Reached XP level 2. HP: 2/19 MP: 0/6
  1036 | D:1      | Reached XP level 3. HP: 24/24 MP: 8/8
  1800 | D:2      | Reached XP level 4. HP: 12/30 MP: 2/10
  1806 | D:2      | Learned a level 4 spell: Iskenderun's Mystic Blast
  2385 | D:2      | Found a shattered altar of Ashenzari.
  2389 | D:2      | Saw a vision of the Swamp and the Snake Pit.
  2389 | D:2      | Noticed a swamp drake
  2389 | D:2      | Noticed an alligator
  2389 | D:2      | Noticed a naga mage
  2389 | D:2      | Noticed a black mamba
  2389 | D:2      | Noticed a swamp drake
  2389 | D:2      | Noticed a salamander
  2389 | D:2      | Noticed an alligator
  2389 | D:2      | Noticed an alligator
  2389 | D:2      | Noticed an alligator
  2391 | D:2      | Noticed a water moccasin
  2391 | D:2      | Noticed an alligator
  2391 | D:2      | Noticed a naga
  2446 | D:3      | Noticed Nuz's ghost (amateur DrCj)
  2453 | D:3      | Killed from afar by Nuz's ghost

Vault maps used:
D:1:      dpeg_arrival_fog, minmay_misc_feat_nine_boxes
D:2:      grunt_ashenzari_visionary
D:3:      kennysheep_six_static_rooms, bloody_makhleb

Skill      XL: |  1  2  3 |
---------------+----------+-----
Spellcasting   | 3 4 |  4.1
Conjurations   | 4 |  4.2
Dodging        | |  1.5
Stealth        | |  1.5

Action                   |  1- 3 |  4- 6 || total
-------------------------+-------+-------++-------
Melee: Dagger            |   101 |       ||   101
       Unarmed           |     5 |       ||     5
 Cast: Magic Dart        |    60 |    20 ||    80
  Use: Scroll            |       |     2 ||     2
 Stab: Sleeping          |     4 |       ||     4
Armor: Robe              |    21 |       ||    21
Dodge: Dodged            |    73 |     1 ||    74
Block: Other             |     5 |       ||     5

Table legend:
 A = Spawn XP
 B = Non-spawn XP
 C = Spawn XP percentage of total XP
 D = Spawn monster count
 E = Non-spawn monster count
 F = Spawn count percentage of total count
 G = Total turns spent on level
                    A         B        C        D         E        F      G
               +---------+---------+-------+---------+---------+-------+---------
         Total |       0 |     120 |   0.0 |       0 |      43 |   0.0 |  2453
               +---------+---------+-------+---------+---------+-------+---------
           D:1 |       0 |      58 |   0.0 |       0 |      29 |   0.0 |  1583
           D:2 |       0 |      60 |   0.0 |       0 |      13 |   0.0 |   859
           D:3 |       0 |       2 |   0.0 |       0 |       1 |   0.0 |    11
               +---------+---------+-------+---------+---------+-------+---------
